 Dungeon Crawl Stone Soup version 0.31-a0-1370-gf52a5a9ab3 (webtiles) character file.

Game seed: 3376809080257109527

288423 whatisthis the Hoplite (level 20, -20/171 (172) HPs)
             Began as a Human Berserker on Dec 23, 2023.
             Was an Elder of Trog.
             Demolished by a vampire knight
             ... wielding a +0 battleaxe
              (29 damage)
             ... on level 3 of the Depths.
             The game lasted 03:42:08 (48128 turns).

whatisthis the Hoplite (Human Berserker)           Turns: 48128, Time: 03:42:09

HP:   -20/171 (172) AC: 27    Str: 26    XL:     20   Next: 69%
MP:   20/20         EV: 13    Int: 11    God:    Trog [****..]
Gold: 1620          SH: 24    Dex: 18    Spells: 19/19 levels left

rFire   + . .        Y - +9 morningstar (heavy)
rCold   + + .        u - +1 tower shield
rNeg    . . .        F - +4 chain mail {Will+}
rPois   .            j - +2 hat {Will+}
rElec   .            k - scarf {rC+ rF+}
rCorr   .            H - +2 pair of gloves
SInv    .            f - +2 pair of boots
Will    +++++        m - amulet "Ecar" {Regen+ Str+3 Int+3 Dex+2} Stlth
                     T - +4 ring of slaying
HPRegen 2.28/turn    s - ring of protection from cold
MPRegen 0.17/turn

%: no passive effects
@: strong-willed, regenerating, studying 2 skills, lightly drained
A: explore regen
}: 2/15 runes: decaying, gossamer
a: Renounce Religion, Berserk, Trog's Hand, Brothers in Arms


You were on level 3 of the Depths.
You worshipped Trog.
Trog was greatly pleased with you.
You visited 7 branches of the dungeon, and saw 35 of its levels.

You collected 3892 gold pieces.
You spent 2272 gold pieces at shops.

Inventory:

Hand Weapons
 S - the +7 flail "Yseit" {freeze, rElec Int+3}
   (You found it on level 5 of the Lair of Beasts)

   Int+3:     It affects your intelligence (+3).
   rElec:     It insulates you from electricity.
 Y - a +9 heavy morningstar (weapon)
Missiles
 g - 234 stones (quivered)
 p - 4 curare-tipped darts
 w - 5 javelins
 B - a throwing net
Armour
 f - a +2 pair of boots (worn)
 j - a +2 hat of willpower (worn)
 k - a scarf of resistance (worn)
 u - a +1 tower shield (worn)
 F - a +4 chain mail of willpower (worn)
 H - a +2 pair of gloves (worn)
 L - a +2 cloak of poison resistance
Jewellery
 m - the amulet "Ecar" (around neck) {Regen+ Str+3 Int+3 Dex+2}
   (You bought it in a shop on level 6 of the Dungeon)

   [amulet of regeneration]

   Str+3:     It affects your strength (+3).
   Int+3:     It affects your intelligence (+3).
   Dex+2:     It affects your dexterity (+2).
   Regen+:    It increases your rate of health regeneration.
 s - a ring of protection from cold (right hand)
 P - a ring of flight
 R - a ring of fire
 T - a +4 ring of slaying (left hand)
 U - an amulet of reflection
 W - a ring of protection from fire
 X - a ring of ice
Wands
 n - a wand of mindburst (15)
 r - a wand of quicksilver (3)
 G - a wand of charming (21)
 I - a wand of flame (63)
 N - a wand of roots (24)
 V - a wand of polymorph (12)
Scrolls
 b - 5 scrolls of poison
 d - 4 scrolls of enchant weapon
 e - 2 scrolls of summoning
 h - 8 scrolls of teleportation
 l - 4 scrolls of silence
 o - 5 scrolls of revelation
 v - a scroll of blinking
 x - 5 scrolls of immolation
 y - 3 scrolls of vulnerability
 E - 8 scrolls of fog
 M - 4 scrolls of fear
 Z - 6 scrolls of identify
Potions
 a - 13 potions of curing
 c - 17 potions of might
 i - 3 potions of haste
 q - 9 potions of heal wounds
 t - 10 potions of attraction
 z - 2 potions of enlightenment
 A - 2 potions of mutation
 D - 4 potions of lignification
 J - 3 potions of resistance
 K - 3 potions of cancellation
 O - a potion of berserk rage
 Q - 7 potions of ambrosia


   Skills:
 + Level 18.3 Fighting
 + Level 17.1 Maces & Flails
 - Level 8.0 Throwing
 + Level 16.5 Armour
 - Level 8.7 Dodging
 - Level 21.0 Shields


You had 19 spell levels left.
You didn't know any spells.
Your spell library was empty.

Dungeon Overview and Level Annotations

Branches:
Dungeon (15/15)            Temple (0/1) D:5            Lair (5/5) D:10
  Swamp (4/4) Lair:2       Spider (4/4) Lair:2        Slime (0/5) Lair:5
    Orc (2/2) D:11            Elf (2/3) Orc:2        Vaults (0/5) D:14
 Depths (3/4) D:15

Altars:
Elyvilon
Fedhas
Gozag
Hepliaklqana
Kikubaaqudgha
Nemelex Xobeh
Ru
Trog
Wu Jian
Xom
Yredelemnul
The Shining One
Jiyva
Lugonu

Shops:
D:6 ==*!=   Orc:2 *(*!   Elf:2 (   Depths:1 ?(

Portals:
Hell: Depths:1 Depths:2 Depths:3
Abyss: Lair:5 Depths:1 Depths:2
Pandemonium: Depths:2 Depths:3
Ziggurat: Depths:2
Trove: Depths:3 (give +6 demon blade)

Annotations:
D:3 1 transporter
D:7 1 runed translucent door, Crazy Yiuf
D:12 2 transporters, Drazool's ghost, journeyman DjFE
Lair:2 1 runed translucent door, ShellytheWitch's ghost, journeyman KoBr
Swamp:1 Roxanne
Swamp:4 2 runed translucent doors, Lobster4's ghost, adept TeAE
Elf:2 6 runed translucent doors, exclusion: 3 doors, SlowGraham's ghost, veteran FoEE


Innate Abilities, Weirdness & Mutations

You regain HP and MP as you explore.


Message History

The spark wasp zombie misses you. You block the water elemental's attack.
You block the brown ugly thing's attack.
Unknown command.
You stick the spark wasp zombie like a pincushion!!!
You destroy the spark wasp zombie!
Trog accepts your kill.
Trog will now gift you melee weapons as you gain piety.
You hear some strange, mumbled words.
You block the water elemental's attack.
You block the brown ugly thing's attack.
You block something's attack. Something bites you!
* * * LOW HITPOINT WARNING * * *
Something draws strength from your injuries!
The brown ugly thing completely misses you.
Something hits you but does no damage. Something bites you but does no damage.
Your skin crawls.
You feel strong-willed. Trog will no longer gift you weapons.
You block the water elemental's attack. Something hits you!
* * * LOW HITPOINT WARNING * * *
You block something's attack.
You block the brown ugly thing's attack.
Your two-headed ogre goes berserk!
You block something's attack. Something bites you but does no damage.
You block the water elemental's attack.
The brown ugly thing pecks you but does no damage.
The frost giant hits you with a +1 battleaxe of freezing.
* * * LOW HITPOINT WARNING * * *
Something completely misses you. Something bites you but does no damage.
You completely miss the water elemental.
You recover from your berserk rage.
Something hits you!
* * * LOW HITPOINT WARNING * * *
Something bites you but does no damage. You block the water elemental's attack.
You block the brown ugly thing's attack.
The frost giant casts a spell at you. The bolt of cold hits you! You resist.
* * * LOW HITPOINT WARNING * * *
Something hits you!!
You die...

## ####. ....
#######....
##..........
#..........# ≈≈
#..8....##.# ≈# ###
#.8.8E.C##.# ≈##≈≈≈
#8.∩.8@u##.###≈≈≈≈≈
#.8.8..O..........(
#..8.....#.....#....
#.#......#.....#..E.
##[....######........
#...#...........####P
###.........ih....#
##.........u.uY....#
##...............####


You could see a frost giant, a brown ugly thing (ally target), a water elemental
and a friendly two-headed ogre (summoned, berserk).

Vanquished Creatures
  Nikola (Lair:2)
  Asterion (Elf:1)
  2 sphinxes (Depths:3)
  A thorn hunter (Swamp:4)
  A shadow dragon (Depths:2)
  5 ghost moths
  2 fire giants
  4 spectral caustic shrikes (Depths:3)
  2 frost giants (Depths:2)
  Louise (Spider:1)
  A deep elf elementalist (Elf:1)
  4 emperor scorpions
  A ghoul (Swamp:3)
  6 broodmothers
  10 very ugly things
  2 spriggan defenders (Depths:3)
  4 stone giants
  5 eleionomae
  A deep elf demonologist (Depths:1)
  A deep elf annihilator (Elf:1)
  3 bunyips
  3 spark wasps
  3 ettins
  6 entropy weavers
  A jiangshi (Depths:3)
  7 fire dragons
  A great orb of eyes (D:13)
  A rakshasa (D:15)
  18 hydras
  4 ice dragons
  8 boulder beetles
  2 catoblepae (D:13)
  5 ogre magi
  3 spriggan air magi
  5 ghost crabs
  3 jorogumos
  5 centaur warriors
  2 radroaches (Spider:1)
  6 alligators
  10 two-headed ogres
  A death knight (D:12)
  8 demonic crawlers
  A death scarab (Spider:3)
  4 deep troll shamans (Depths:1)
  A tengu warrior (Depths:3)
  14 dancing weapons
  5 deep troll earth magi
  5 death yaks
  A hell knight (D:14)
  Urug (Orc:2)
  2 orc high priests (Orc:2)
  3 occultists (D:15)
  2 thrashing horrors (Lair:5)
  A soul eater (Depths:2)
  A sun demon (Depths:1)
  7 spriggan berserkers
  5 deep elf knights
  2 skysharks (Lair:3)
  2 iron trolls (Depths:1)
  7 pharaoh ants
  3 salamander mystics (Depths:3)
  Lodul (D:10)
  A fire crab (D:13)
  3 goliath frogs
  A spark wasp zombie (Depths:3)
  4 spriggan druids
  A flayed ghost (Depths:1)
  8 swamp dragons
  15 deep trolls
  4 glowing orange brains
  An arcanist (D:14)
  2 large abominations (Lair:5)
  10 orb spiders
  A sun moth (Spider:1)
  A steelbarb worm (shapeshifter) (Depths:2)
  An orc knight (Orc:1)
  10 bog bodies
  6 deep elf zephyrmancers
  7 deep elf archers
  18 ugly things
  A necromancer (D:15)
  22 deep elf pyromancers
  7 steelbarb worms
  5 orc sorcerers (Orc:2)
  Maurice (Orc:2)
  A manticore (shapeshifter) (Depths:2)
  3 will-o-the-wisps
  25 wolf spiders
  3 manticores
  6 elephants
  3 moths of wrath
  10 salamanders (Depths:3)
  5 torpor snails
  7 centaur zombies
  3 smoke demons (Lair:5)
  4 black mambas
  A kobold blastminer (Orc:2)
  3 gargoyles
  A water nymph (shapeshifter) (Elf:1)
  16 cane toads
  A yaktaur (D:12)
  4 unseen horrors
  2 centaur skeletons (D:15)
  3 kobold demonologists (D:12)
  2 ice devils (Lair:1)
  4 tengu conjurers
  8 komodo dragons
  3 rime drakes
  An efreet (D:14)
  A freezing wraith (D:14)
  6 trolls
  A polar bear (Lair:2)
  6 meliai
  21 tarantellas
  A hornet (shapeshifter) (D:12)
  A glass eye (Depths:1)
  A raiju (Lair:5)
  13 tyrant leeches
  23 blink frogs
  A meliai zombie (D:11)
  17 hornets
  2 blink frogs (shapeshifter)
  25 slime creatures
  29 culicivoras
  5 vampires
  15 spriggans
  An air elemental (Elf:1)
  26 jumping spiders
  2 water elementals
  9 shadows
  7 wyverns
  5 wraiths
  25 yaks
  2 steam dragons
  11 basilisks
  3 fire elementals
  3 fire bats (Depths:1)
  A hog (shapeshifter) (Lair:5)
  41 redbacks
  12 vampire mosquitoes
  2 chaos spawn (Lair:5)
  3 wargs (Orc:1)
  15 swamp worms
  9 small abominations (Lair:5)
  3 acid dragons
  10 water moccasins
  9 swamp drakes
  18 orc warriors
  A black bear (D:6)
  A wolf (shapeshifter) (Lair:5)
  3 sky beasts
  A black bear (shapeshifter) (D:12)
  15 ogres
  22 wolves
  3 boggarts (D:15)
  8 centaurs
  2 phantoms (D:4)
  10 bullfrogs
  2 kobold brigands
  A necrophage (Swamp:3)
  A wyvern zombie (D:13)
  An earth elemental (Elf:2)
  2 gnoll sergeants
  A scorpion (D:4)
  7 wights
  13 killer bees
  5 electric eels
  13 howler monkeys
  11 hounds
  18 orc priests
  3 jellies
  2 gnoll boudas
  An iguana (D:4)
  3 sleepcaps
  A boggart zombie (D:11)
  47 orc wizards
  7 hell rats
  A boggart skeleton (D:15)
  24 gnolls
  13 adders
  2 white imps
  2 bombardier beetles (D:4)
  2 worms
  A dart slug (D:2)
  53 orcs
  3 endoplasms (D:2)
  3 giant cockroaches
  9 hobgoblins
  4 jackals (D:4)
  23 kobolds
  4 quokkas
  8 ball pythons
  4 bats
  3 frilled lizards
  6 goblins
  3 rats
1235 creatures vanquished.

Vanquished Creatures (collateral kills)
  Jorgrun (Swamp:1)
  An eleionoma (Swamp:3)
  Nessos (D:12)
  A ghost crab (Swamp:3)
  An alligator (Swamp:1)
  A vampire mage (Depths:3)
  A spark wasp zombie (Depths:3)
  A deep troll (Depths:1)
  A goliath frog (Swamp:3)
  A slime creature (D:14)
  A phantasmal warrior (Depths:3)
  An unseen horror (D:10)
  An orc priest (Orc:2)
  An orc wizard (Orc:2)
14 creatures vanquished.

Vanquished Creatures (others)
  A hydra (Swamp:4)
  An alligator (Swamp:2)
  A swamp dragon (Lair:2)
  3 deep elf zephyrmancers
  3 bloated husks
  An air elemental (Elf:2)
  A redback (Spider:4)
  A vampire mosquito (D:13)
  An orc priest (Orc:2)
  12 foxfires
25 creatures vanquished.

Grand Total: 1274 creatures vanquished

Notes
Turn   | Place    | Note
-------+----------+-------------------------------------------
     0 | D:1      | whatisthis the Human Berserker began the quest for the Orb.
     0 | D:1      | Reached XP level 1. HP: 18/18 MP: 1/1
   241 | D:1      | Reached XP level 2. HP: 23/24 MP: 2/2
   964 | D:2      | Reached ** piety under Trog
  1000 | D:2      | Reached XP level 3. HP: 23/29 MP: 3/3
  2105 | D:3      | Noticed a phantom
  2174 | D:3      | Found a shimmering altar of Xom.
  2264 | D:3      | Found a sparkling altar of Nemelex Xobeh.
  2264 | D:3      | Found a transporter.
  2265 | D:3      | Noticed a scorpion
  2265 | D:3      | Noticed an ogre
  2319 | D:3      | Reached XP level 4. HP: 33/37 MP: 4/4
  2567 | D:4      | Noticed a scorpion
  2634 | D:4      | Reached XP level 5. HP: 33/42 MP: 5/5
  2833 | D:4      | Reached XP level 6. HP: 30/49 MP: 6/6
  3305 | D:4      | Found an opulent altar of Gozag.
  3478 | D:4      | Reached skill level 5 in Fighting
  3478 | D:4      | Reached skill level 5 in Maces & Flails
  3478 | D:4      | Reached XP level 7. HP: 56/56 MP: 7/7
  3735 | D:4      | Found a bloodstained altar of Trog.
  4138 | D:5      | Entered Level 5 of the Dungeon
  4585 | D:5      | Reached skill level 5 in Armour
  5117 | D:5      | Reached XP level 8. HP: 62/64 MP: 8/8
  5218 | D:5      | Found an ornate altar of the Wu Jian Council.
  5218 | D:5      | Found a sacrificial altar of Ru.
  5312 | D:5      | Found a staircase to the Ecumenical Temple.
  5548 | D:6      | Found Wyoniggo's Distillery.
  5606 | D:6      | Found Peppaq's Jewellery Shop.
  5642 | D:6      | Found Xeseul's Jewellery Emporium.
  5651 | D:6      | Found Iqim's General Store.
  5668 | D:6      | Bought a scroll of identify for 24 gold pieces
  5833 | D:6      | Found Haownuon's Jewellery Shoppe.
  6565 | D:7      | Noticed a wyvern
  6578 | D:7      | Killed a wyvern
  6647 | D:7      | Found a runed translucent door.
  6648 | D:7      | Noticed Crazy Yiuf
  6716 | D:7      | Reached XP level 9. HP: 71/72 MP: 9/9
  7377 | D:8      | Noticed a hornet
  7635 | D:8      | Noticed a hornet
  7642 | D:8      | Killed a hornet
  7704 | D:8      | Killed a hornet
  8142 | D:8      | Found an ancient bone altar of Kikubaaqudgha.
  8142 | D:8      | Found a blossoming altar of Fedhas.
  8499 | D:9      | Reached *** piety under Trog
  8520 | D:8      | Reached XP level 10. HP: 67/82 MP: 10/10
  9343 | D:10     | Entered Level 10 of the Dungeon
  9357 | D:10     | Found a white marble altar of Elyvilon.
 10477 | D:10     | Found a hazy altar of Hepliaklqana.
 10714 | D:10     | Found a staircase to the Lair.
 11006 | D:11     | Noticed Lodul
 11130 | Lair:1   | Entered Level 1 of the Lair of Beasts
 11149 | Lair:1   | Reached skill level 10 in Fighting
 11215 | Lair:1   | Reached skill level 10 in Maces & Flails
 11215 | Lair:1   | Reached XP level 11. HP: 51/90 MP: 11/11
 11613 | Lair:1   | Reached skill level 10 in Armour
 11950 | Lair:1   | Reached **** piety under Trog
 11986 | Lair:1   | Noticed a wolf spider
 12075 | Lair:1   | Killed a wolf spider
 12239 | Lair:1   | Noticed a wolf spider
 12259 | Lair:1   | Killed a wolf spider
 13895 | Lair:2   | Found a runed translucent door.
 13898 | Lair:2   | Noticed ShellytheWitch's ghost (journeyman KoBr)
 13949 | Lair:2   | Noticed an eleionoma
 13965 | Lair:2   | Killed an eleionoma
 13966 | Lair:2   | Reached XP level 12. HP: 74/100 MP: 12/12
 14359 | Lair:2   | Found a staircase to the Swamp.
 14659 | Lair:2   | Found a hole to the Spider Nest.
 15373 | Lair:3   | Reached skill level 1 in Shields
 15548 | Lair:3   | Reached skill level 2 in Shields
 15912 | Lair:3   | Reached skill level 3 in Shields
 16344 | Lair:3   | Noticed a boulder beetle
 16367 | Lair:3   | Killed a boulder beetle
 16415 | Lair:3   | Noticed a boulder beetle
 16429 | Lair:3   | Killed a boulder beetle
 16430 | Lair:3   | Reached skill level 4 in Shields
 16745 | Lair:3   | Noticed a boulder beetle
 16755 | Lair:3   | Killed a boulder beetle
 17114 | Lair:4   | Noticed a skyshark
 17217 | Lair:4   | Noticed a six-headed hydra
 17248 | Lair:4   | Noticed a skyshark
 17262 | Lair:3   | Killed a skyshark
 17263 | Lair:3   | Reached skill level 5 in Shields
 17263 | Lair:3   | Reached XP level 13. HP: 104/109 MP: 13/13
 18667 | Lair:3   | Reached skill level 6 in Shields
 20278 | Lair:5   | Entered Level 5 of the Lair of Beasts
 20287 | Lair:4   | Reached skill level 7 in Shields
 20907 | Lair:5   | Found a viscous altar of Jiyva.
 20907 | Lair:5   | Found a staircase to the Slime Pits.
 21568 | Lair:5   | Reached XP level 14. HP: 108/119 MP: 14/14
 22198 | Lair:5   | Identified the +7 flail "Yseit" {freeze, rElec Int+3}
 22206 | Lair:5   | Identified the orb of Too Many Cooks {light, rPois Int-2
                  | Stlth+ Conj}
 22392 | Lair:5   | Reached skill level 8 in Shields
 22506 | Lair:5   | Found a corrupted altar of Lugonu.
 22506 | Lair:5   | Found a one-way gate to the infinite horrors of the Abyss.
 22753 | D:10     | Killed Lodul
 22964 | D:11     | Reached skill level 1 in Throwing
 23909 | D:6      | Bought the amulet "Ecar" {Regen+ Str+3 Int+3 Dex+2} for 591
                  | gold pieces
 24377 | D:11     | Found a staircase to the Orcish Mines.
 24557 | D:12     | Noticed Nessos
 24644 | D:12     | Found a transporter.
 24645 | D:12     | Found a transporter.
 24790 | D:12     | Noticed Drazool's ghost (journeyman DjFE)
 24864 | D:12     | Reached skill level 5 in Dodging
 25038 | D:12     | Killed Nessos
 25468 | D:12     | Reached skill level 9 in Shields
 25656 | D:12     | Reached ***** piety under Trog
 25659 | D:12     | Paralysed by a hornet for 3 turns
 25693 | D:12     | Identified the +0 pair of gloves of the Northern Lights
                  | {rF- MP+9 Int+3}
 26091 | D:13     | Reached XP level 15. HP: 115/127 MP: 15/15
 26273 | D:12     | Reached skill level 15 in Fighting
 26967 | D:13     | Reached skill level 10 in Shields
 27113 | Orc:1    | Entered Level 1 of the Orcish Mines
 27197 | Orc:2    | Entered Level 2 of the Orcish Mines
 27197 | Orc:2    | Found a staircase to the Elven Halls.
 28418 | D:14     | Found a gate to the Vaults.
 28767 | D:14     | Found a runed translucent door.
 29475 | D:15     | Entered Level 15 of the Dungeon
 29840 | D:14     | Reached skill level 15 in Maces & Flails
 30002 | D:15     | Received a gift from Trog
 30088 | D:15     | Paralysed by an ogre mage for 3 turns
 30097 | D:14     | Reached skill level 11 in Shields
 30097 | D:14     | Reached XP level 16. HP: 101/138 MP: 16/16
 30426 | Orc:2    | Noticed Urug
 30435 | Orc:2    | Killed Urug
 30578 | Orc:2    | Noticed Maurice
 30596 | Orc:2    | Killed Maurice
 30667 | Orc:2    | Found Deell's Weapon Shoppe.
 30691 | Orc:2    | Found Fout's Distillery.
 30692 | Orc:2    | Found Esem's General Store.
 30695 | Orc:2    | Found Pacheuph's Assorted Antiques.
 31409 | Orc:2    | Bought a scroll of poison for 56 gold pieces
 31409 | Orc:2    | Bought a scroll of fear for 56 gold pieces
 31409 | Orc:2    | Bought a scroll of silence for 133 gold pieces
 31409 | Orc:2    | Bought a scroll of identify for 28 gold pieces
 31416 | Orc:2    | Bought a scroll of identify for 68 gold pieces
 31419 | Orc:2    | Bought a potion of heal wounds for 70 gold pieces
 31419 | Orc:2    | Bought 2 potions of curing for 84 gold pieces
 31419 | Orc:2    | Bought a potion of might for 56 gold pieces
 31419 | Orc:2    | Bought a potion of curing for 42 gold pieces
 31419 | Orc:2    | Bought a potion of curing for 42 gold pieces
 31799 | D:15     | Found a staircase to the Depths.
 32403 | Swamp:1  | Entered Level 1 of the Swamp
 32403 | Swamp:1  | Noticed Nikola
 32452 | Lair:2   | Killed Nikola
 32845 | Swamp:1  | Noticed Roxanne
 32877 | Swamp:1  | Noticed Jorgrun
 32892 | Swamp:1  | Killed Jorgrun
 33554 | Swamp:2  | Reached skill level 12 in Shields
 34704 | Swamp:3  | Reached XP level 17. HP: 81/146 MP: 17/17
 35346 | Swamp:3  | Found a basalt altar of Yredelemnul.
 35359 | Swamp:3  | Reached skill level 13 in Shields
 35593 | Swamp:4  | Entered Level 4 of the Swamp
 35722 | Swamp:4  | Reached skill level 15 in Armour
 35824 | Swamp:4  | Received a gift from Trog
 36493 | Swamp:4  | Reached skill level 14 in Shields
 36716 | Swamp:4  | Got a decaying rune of Zot
 36877 | Swamp:4  | Found a large runed translucent door.
 36878 | Swamp:4  | Found a large runed translucent door.
 36880 | Swamp:4  | Noticed Lobster4's ghost (adept TeAE)
 37192 | Lair:2   | Upgraded the game from 0.31-a0-1338-gb567cfdca4 to
                  | 0.31-a0-1370-gf52a5a9ab3
 37204 | Spider:1 | Entered Level 1 of the Spider Nest
 37432 | Spider:1 | Noticed Louise
 37451 | Spider:1 | Killed Louise
 37939 | Spider:1 | Reached skill level 15 in Shields
 38249 | Spider:1 | Found a transporter.
 38249 | Spider:1 | Found a transporter.
 38274 | Spider:1 | Reached XP level 18. HP: 155/155 MP: 18/18
 38723 | Spider:1 | Paralysed by a jorogumo for 2 turns
 38982 | Spider:2 | Reached skill level 16 in Shields
 39733 | Spider:3 | Reached skill level 17 in Shields
 39820 | Spider:3 | Received a gift from Trog
 40705 | Spider:4 | Entered Level 4 of the Spider Nest
 41144 | Spider:4 | Reached skill level 18 in Shields
 41994 | Spider:4 | Reached XP level 19. HP: 161/161 MP: 0/19
 42154 | Spider:4 | Reached skill level 19 in Shields
 42586 | Spider:4 | Got a gossamer rune of Zot
 43037 | Elf:1    | Entered Level 1 of the Elven Halls
 43346 | Elf:1    | Received a gift from Trog
 43772 | Elf:1    | Noticed Asterion
 43784 | Elf:1    | Killed Asterion
 43785 | Elf:1    | Reached skill level 20 in Shields
 43933 | Elf:1    | Paralysed by an air elemental for 1 turns
 44345 | Elf:2    | Found Petoulah's Antique Weapon Boutique.
 44559 | Elf:2    | Found a runed translucent gate.
 44560 | Elf:2    | Found a runed translucent gate.
 44560 | Elf:2    | Found a runed translucent gate.
 44744 | Elf:2    | Received a gift from Trog
 44827 | Elf:2    | Found a runed translucent gate.
 44828 | Elf:2    | Found a runed translucent gate.
 44831 | Elf:2    | Found a runed translucent gate.
 44832 | Elf:2    | Found the +9 sword of Power {lifebolt}
 44833 | Elf:2    | Noticed SlowGraham's ghost (veteran FoEE)
 44834 | Elf:2    | Identified the +1 leather armour of Filth {Fly}
 45209 | Depths:1 | Entered Level 1 of the Depths
 45280 | Depths:1 | Found Caogis's Magic Scroll Shop.
 45298 | Depths:1 | Bought a scroll of teleportation for 42 gold pieces
 45298 | Depths:1 | Bought a scroll of enchant armour for 105 gold pieces
 45298 | Depths:1 | Bought a scroll of teleportation for 42 gold pieces
 45298 | Depths:1 | Bought a scroll of enchant armour for 105 gold pieces
 45300 | Depths:1 | Bought a scroll of acquirement for 728 gold pieces
 45300 | Depths:1 | Acquired a manual of Throwing
 45345 | Depths:1 | Reached skill level 21 in Shields
 45447 | Depths:1 | Reached skill level 5 in Throwing
 45509 | Depths:1 | Found Huineut's Antique Weapon Shoppe.
 45626 | Depths:1 | Found a glowing golden altar of the Shining One.
 45885 | Depths:1 | Found a gateway to Hell.
 46065 | Depths:1 | Reached XP level 20. HP: 70/169 MP: 20/20
 47016 | Depths:2 | Received a gift from Trog
 47170 | Depths:2 | Found a one-way gateway to a ziggurat.
 47226 | Depths:2 | Found a one-way gate leading to the halls of Pandemonium.
 48098 | Depths:3 | Found a portal to a secret trove of treasure.
 48128 | Depths:3 | Demolished by a vampire knight

Illustrated notes

Levels and vault maps discovered:
D:1:      dpeg_arrival_court, layout_basic
D:2:      minmay_chambers_of_twos, layout_loops_ring
D:3:      layout_basic, grunt_nemelex_the_gamble, lemuel_crystal_altar
D:4:      layout_basic, mainiacjoe_overflow_swirl, abandoned_shop,
          minmay_misc_feat_square, st_stairs_8
D:5:      layout_cave_pools, gammafunk_temple_overflow_statue,
          minmay_temple_entry_glass
D:6:      black_bear_nest_2, layout_basic, serial_shops, nicolae_shop_trees,
          shop, shop, shop, shop
D:7:      layout_rooms, uniq_crazy_yiuf_cottage
D:8:      layout_basic, grunt_temple_overflow_growth_and_decay,
          grunt_ministairs_9
D:9:      layout_basic
D:10:     layout_cave_pods, lemuel_round_altar, kennysheep_mini,
          erik_lair_island
D:11:     layout_gridville, orc_0_dummy, serial_undead, serial_undead_a,
          serial_undead_f, serial_undead_a, serial_undead_f, serial_undead_b,
          serial_undead_b, uniq_lodul
D:12:     minmay_the_grid_triangle_9x9_rhombus_thin
          [minmay_the_grid_triangle_9x9_alien,
          minmay_the_grid_triangle_9x9_prize_center,
          minmay_the_grid_triangle_9x9_corruption,
          minmay_the_grid_triangle_9x9_sparse_checkered], layout_irregular_city,
          gammafunk_ghost_hive, st_stairs_4, uniq_nessos
D:13:     regret_index_malice_mire, layout_irregular_city, serial_column_ruins,
          column_ruins_columns_straight, column_ruins_grid_1,
          column_ruins_grid_4, column_ruins_corridor_corner,
          column_ruins_grid_1, drop_trap
D:14:     layout_loops_corners, david_vaults_2, palyth_stone_intersect,
          minmay_hidden_floor
D:15:     grunt_enter_depths_magical_seal, layout_cave_pools
Lair:1:   minmay_lair_venomous_thicket, layout_gridlike,
          portal_ice_cave_demonic_guard, dpeg_stationary_puzzle
Lair:2:   layout_cave_pods, alex1729_swamp_entry_worm_eleionoma,
          spider_nest_entry_webs, gammafunk_ghost_grave
Lair:3:   beast_lair_carwin_large_3, layout_hall_layers, nzn_sisyphean_effort
Lair:4:   layout_regular_city, beast_lair_carwin_4, grunt_megastairs_4,
          infiniplex_staircase_pool
Lair:5:   hellmonk_lair_end_abyssal_woods, layout_long_grid, slime_entry_1
Swamp:1:  layout_basic_swamp, evilmike_swamp_ruin_house_2, swamp_pool_1_2,
          nicolae_swamp_some_circles, uniq_roxanne, uniq_nikola, uniq_jorgrun
Swamp:2:  layout_basic_swamp, evilmike_swamp_ruin_house_3
Swamp:3:  layout_basic_swamp, evilmike_swamp_ruin_rubble_2,
          nicolae_swamp_godswood, st_shrine_of_shade
Swamp:4:  swamp_basic_johnstein, layout_basic_swamp,
          ebering_ghost_disaster_area, swamp_pool_1_2,
          infiniplex_staircase_pool_2
Spider:1: gammafunk_boulding_lane, uniq_louise
Spider:2: layout_spider_delve, nicolae_spider_bug_shape
Spider:3: layout_spider_delve
Spider:4: hellmonk_spider_rune_endless_swarm
Orc:1:    layout_caves, basic_altar
Orc:2:    st_orc_mages, layout_caves, uniq_maurice, uniq_urug
Elf:1:    eino_elf_arrival_sip, layout_geoelf_octagon,
          nicolae_elf_blasts_and_bolts, uniq_asterion
Elf:2:    nicolae_elf_blades_crystal_corner, layout_gridlike,
          ebering_ghost_rock_garden, serial_shops, nicolae_stop_n_shop_1,
          uniq_zenata
Depths:1: layout_gridlike, kennysheep_decorative_pillar, mu_enter_wizlab_5,
          serial_shops, nicolae_shop_tiny_real_fake_doors, shop_fountains,
          nicolae_abyss_entry_one_way_or_another, hell_entry,
          serial_sigils_hangedman_gnaw, nicolae_tso_carved_into_rock
Depths:2: minmay_inner_zag, layout_basic, enter_ziggurat_b,
          minmay_misc_feat_rows, hell_entry, abyss_entry, rand_demon_pan_entry_5
Depths:3: bobbens_index_wilting_gardens, layout_basic,
          nicolae_concentric_dashed_squares_wild, pf_hell_entry_tar_river,
          pan_entry, abyss_entry, enter_trove_2, grunt_decor_junction,
          minivault_11, lightli_minifort

Skill      XL: |  1  2  3  4  5  6  7  8  9 10 11 12 13 14 15 16 17 18 19 20 |
---------------+-------------------------------------------------------------+-----
Armour         | 3 4 5 6 8 9 11 12 13 14 15 16 | 16.5
Fighting       | 4 5 7 8 10 11 12 13 14 15 16 17 18 | 18.3
Maces & Flails | 4 5 7 8 10 11 12 13 14 15 16 17 | 17.1
Shields        | 5 7 9 11 12 15 18 21 | 21.0
Throwing       | 3 6 8 |  8.0
Dodging        | 7 8 |  8.7

Action                     |  1- 3 |  4- 6 |  7- 9 | 10-12 | 13-15 | 16-18 | 19-21 || total
---------------------------+-------+-------+-------+-------+-------+-------+-------++-------
  Melee: Mace              |   146 |   134 |    68 |       |       |       |       ||   348
         Punch             |     3 |     1 |     6 |    11 |       |       |       ||    21
         Flail             |       |       |   277 |   783 |  1374 |  1800 |   263 ||  4497
         Dagger            |       |       |    78 |     2 |       |       |       ||    80
         Morningstar       |       |       |       |       |       |    19 |   569 ||   588
  Throw: Boomerang         |       |       |     2 |    71 |   171 |    53 |    30 ||   327
         Throwing net      |       |       |       |       |     3 |       |       ||     3
         Dart              |       |       |       |       |    43 |    37 |       ||    80
         Stone             |       |       |       |       |       |    77 |       ||    77
         Javelin           |       |       |       |       |       |     2 |       ||     2
 Invoke: Berserk           |     2 |     4 |    14 |    16 |    15 |    17 |     6 ||    74
         Trog's Hand       |       |     1 |     2 |     3 |    20 |    14 |    10 ||    50
         Brothers in Arms  |       |       |       |       |     5 |     8 |     7 ||    20
  Evoke: Wand              |       |       |     1 |    15 |    13 |    12 |     6 ||    47
    Use: Potion            |       |     1 |     4 |       |     2 |       |     4 ||    11
         Scroll            |       |       |    10 |     3 |    11 |    22 |    16 ||    62
   Stab: Sleeping          |     1 |       |     1 |       |       |       |       ||     2
         Distracted        |       |       |       |       |     1 |       |       ||     1
 Armour: Animal skin       |    19 |       |       |       |       |       |       ||    19
         Leather armour    |    58 |    83 |    67 |       |       |       |       ||   208
         Chain mail        |       |       |   266 |   283 |    40 |  1294 |   615 ||  2498
         Plate armour      |       |       |       |   216 |  1063 |       |       ||  1279
  Dodge: Dodged            |   111 |    80 |   374 |   384 |   407 |   577 |   252 ||  2185
  Block: Tower shield      |       |       |       |   182 |  1229 |  2022 |  1067 ||  4500

Table legend: (Time is in decaauts)
 A = Elapsed time spent in this place.
 B = Non-inter-level travel time spent in this place.
 C = Inter-level travel time spent in this place.
 D = Time resting spent in this place.
 E = Time spent auto-exploring this place.
 F = Levels seen in this place.
 G = Mean time per level.
                   A        B        C        D        E       F      G
               +--------+--------+--------+--------+--------+-----+--------+
         Total |  49084 |  45264 |   3820 |  10284 |  16433 |  35 | 1402.4 |
       Dungeon |  19888 |  17565 |   2323 |   3828 |   7362 |  15 | 1325.9 |
          Lair |  12141 |  11628 |    513 |   4361 |   3712 |   5 | 2428.2 |
         Swamp |   4923 |   4637 |    286 |    665 |   1471 |   4 | 1230.8 |
   Spider Nest |   5543 |   5268 |    275 |    905 |   1431 |   4 | 1385.8 |
  Orcish Mines |   1611 |   1450 |    161 |    155 |    459 |   2 |  805.5 |
   Elven Halls |   2000 |   1890 |    110 |    140 |    678 |   2 | 1000.0 |
        Depths |   2976 |   2825 |    151 |    228 |   1319 |   3 |  992.0 |
               +--------+--------+--------+--------+--------+-----+--------+

Top non-repeatable levels by time:
  Lair:3: 3251 daAuts
    D:10: 2719 daAuts
  Lair:1: 2386 daAuts
  Lair:5: 2356 daAuts
  Lair:2: 2301 daAuts
     D:4: 2293 daAuts
    D:14: 1924 daAuts
    D:12: 1879 daAuts
  Lair:4: 1846 daAuts
Spider:4: 1757 daAuts
Spider:1: 1645 daAuts
 Swamp:3: 1491 daAuts
Spider:3: 1432 daAuts
 Swamp:4: 1373 daAuts
   Elf:1: 1354 daAuts
